Get step-by-step instructions on how to execute this build order below. Start the game timer, and the build order will tick by so you can play in parallel with StarCraft on a second screen or mobile device.

Game Time

  0:00

Last Step

  N/A

Next Step

Upcoming Step



Don't want to look back and forth between 2 screens? Try out our Overwolf App, the Spawning Tool Build Advisor to get an in-game overlay with this build!

Complete Build Order

  12  0:01  SCV  
  13  0:13  SCV  
  14  0:17  Supply Depot  
  14  0:25  SCV  
  14  0:27  Refinery  
  15  0:39  SCV  
  16  0:47  Barracks  
  16  0:51  SCV  
  17  1:06  SCV  
  18  1:18  SCV  
  19  1:34  Orbital Command  
  19  1:35  Reaper  
  20  1:44  Command Center  
  20  1:54  Factory  
  20  2:00  SCV  
  21  2:07  Barracks Reactor  
  21  2:12  Supply Depot, SCV  
  22  2:16  Refinery  
  22  2:24  SCV  
  22  2:44  Command Center  
  22  2:46  Marine x2  
  22  2:48  Hellion  
  26  2:51  Factory  
  26  3:13  SCV  
  26  3:18  Hellion x2  
  31  3:40  Factory Reactor  
  31  3:51  Armory  
  31  3:56  Hellion x2, SCV  
  31  4:02  Supply Depot  
  36  4:08  SCV  
  35  4:15  Orbital Command  
  35  4:17  Cyclone  
  35  4:20  SCV  
  39  4:27  Cyclone  
  42  4:32  SCV  
  46  4:38  Cyclone  
  46  4:41  Hellion  
  48  4:46  SCV x2  
  48  4:50  Hellion  
  52  4:56  Supply Depot  
  52  5:02  Supply Depot  
  52  5:07  Hellion  
  54  5:15  Terran Vehicle Weapons Level 1  
  54  5:17  SCV x2  
  54  5:18  Hellion  
  58  5:30  SCV  
  58  5:39  Cyclone  
  58  5:40  Hellion x3  
  53  5:56  SCV x2  
  52  6:01  Hellion x3  
  58  6:09  SCV x2  
  60  6:14  Cyclone  
  60  6:16  Command Center  
  63  6:21  SCV x2  
  63  6:22  Cyclone, Hellion  
  70  6:29  Supply Depot  
  70  6:31  Supply Depot  
  70  6:37  Hellion  
  70  6:38  Barracks Tech Lab  
  70  6:41  Factory  
  70  6:46  Supply Depot  
  70  6:51  Hellion  
  70  6:52  SCV x2  
  74  6:56  Supply Depot  
  74  7:00  Cyclone x2  
  80  7:06  SCV  
  80  7:08  Refinery, SCV  
  80  7:32  Cyclone  
  80  7:33  Hellion x3  
  70  7:54  Hellion x3  
  76  8:05  SCV  
  77  8:06  Supply Depot  
  77  8:07  Supply Depot  
  77  8:12  Refinery